 Dungeon Crawl Stone Soup version 0.18-a0-1721-gc4d1f22 (webtiles) character file.

3148 Foomius the Reanimator (level 9, 0/72 HPs)
             Began as a Demonspawn Necromancer on Apr 8, 2016.
             Was a Priest of Okawaru.
             Slain by a wolf (3 damage)
             ... on level 1 of the Lair of Beasts on Apr 9, 2016.
             The game lasted 00:36:12 (6322 turns).

Foomius the Reanimator (Demonspawn Necromancer)     Turns: 6322, Time: 00:36:13

Health: 0/72       AC: 10    Str: 10    XL:     9   Next: 62%
Magic:  2/16       EV: 10    Int: 19    God:    Okawaru [***...]
Gold:   244        SH:  3    Dex: 13    Spells: 5 memorised, 6 levels left

rFire  . . .     SeeInvis .     E - +0 short sword (curse)
rCold  . . .     Gourm    .     s - +0 ring mail
rNeg   + . .     Faith    .     (no shield)
rPois  .         Spirit   .     (no helmet)
rElec  .         Dismiss  .     (no cloak)
rCorr  .         Reflect  +     F - +2 pair of gloves
SustAt .         Harm     .     (no boots)
MR     +....                    e - +3 amulet of reflection
Stlth  +++.......               u - ring of positive energy
                                l - ring of protection from magic

@: somewhat resistant to hostile enchantments, fairly stealthy
A: talons 2, rugged brown scales 2, nightstalker 1
a: Heroism, Renounce Religion


You were on level 1 of the Lair of Beasts.
You worshipped Okawaru.
Okawaru was most pleased with you.
You were not hungry.

You visited 3 branches of the dungeon, and saw 10 of its levels.

You collected 421 gold pieces.
You spent 177 gold pieces at shops.

Inventory:

Hand Weapons
 n - a +0 lajatang
 E - a cursed +0 short sword (weapon)
Missiles
 d - 3 javelins (quivered)
Armour
 s - a +0 ring mail (worn)
 F - a +2 pair of gloves (worn)
Magical Staves
 a - an uncursed staff of air
Jewellery
 e - a +3 amulet of reflection (around neck)
 l - a ring of protection from magic (left hand)
 r - an uncursed ring of sustain attributes
 u - a ring of positive energy (right hand)
 x - an uncursed ring of magical power
Wands
 o - a wand of lightning (0/15)
 q - a wand of iceblast (11/15)
 w - a wand of slowing (15/48)
 G - a wand of iceblast (0/15)
 K - a wand of digging (11/24)
Scrolls
 f - a scroll of fear
 h - a scroll of immolation {unknown}
 i - a scroll of recharging {unknown}
 m - a scroll of enchant armour {unknown}
 p - 3 scrolls of fog
 v - a scroll of amnesia {unknown}
 y - a scroll of enchant weapon
 A - a scroll of magic mapping {unknown}
 C - a scroll of identify
Potions
 k - a potion of might
 B - 3 potions of agility
 D - 2 potions of brilliance
 J - 2 potions of flight {unknown}
Books
 b - a book of Necromancy

   Spells                             Type                      Level
   a - Pain                           Necromancy                   1
   b - Animate Skeleton               Necromancy                   1
   c - Vampiric Draining              Necromancy                   3
   d - Regeneration                   Charms/Necromancy            3
   e - Animate Dead                   Necromancy                   4
   f - Control Undead                 Necromancy                   4
 g - a book of Hinderance

   Spells                             Type                      Level
   a - Confusing Touch                Hexes                        2
   b - Confuse                        Hexes                        3
   c - Gell's Gravitas                Hexes/Translocation          3
   d - Petrify                        Transmutation/Earth          4
   e - Metabolic Englaciation         Hexes/Ice                    5
   f - Yara's Violent Unravelling     Hexes/Transmutation          5
 t - a book of Geomancy

   Spells                             Type                      Level
   a - Sandblast                      Earth                        1
   b - Passwall                       Transmutation/Earth          2
   c - Stone Arrow                    Conjuration/Earth            3
   d - Petrify                        Transmutation/Earth          4
   e - Lee's Rapid Deconstruction     Earth                        5
Comestibles
 c - 6 bread rations
 I - a royal jelly


   Skills:
 - Level 6.0 Fighting
 - Level 1.7 Dodging
 + Level 4.9 Stealth
 + Level 5.3 Spellcasting
 - Level 2.0 Charms
 + Level 11.0 Necromancy


You had 6 spell levels left.
You knew the following spells:

 Your Spells              Type           Power        Failure   Level  Hunger
a - Pain                  Necr           ####         1%          1    None
b - Animate Skeleton      Necr           N/A          1%          1    None
c - Control Undead        Necr           #####.....   4%          4    ####...
g - Regeneration          Chrm/Necr      ####......   10%         3    ##.....
v - Vampiric Draining     Necr           #####.....   1%          3    ##.....


Dungeon Overview and Level Annotations

Branches:
Dungeon (8/15)             Temple (1/1) D:7            Lair (1/8) D:8

Altars:
Ashenzari
Cheibriados
Dithmenos
Elyvilon
Fedhas
Gozag
Kikubaaqudgha
Makhleb
Nemelex Xobeh
Okawaru
Pakellas
Ru
Sif Muna
Trog
Vehumet
Yredelemnul
Zin
The Shining One

Shops:
D:4 ?   D:5 !   D:6 [   D:7 }

Annotations:
D:5 Eustachio, Sigmund


Innate Abilities, Weirdness & Mutations

You have razor-sharp toenails.
You are mostly covered in rugged brown scales (AC +2, +5% HP).
You are slightly more attuned to the shadows.


Message History

The wolf barely misses you.
You closely miss the wolf.
The wolf is almost dead.
The wolf bites you.
* * * LOW HITPOINT WARNING * * *
Your wolf skeleton bites the wolf.
The wolf dies!
Okawaru accepts your kill.
Evoke which item? (* to show all) (? for menu, Esc to quit)
Zapping:
G - a wand of iceblast {zapped: 2} (will waste charges)
Press: ? - help, Shift-Dir - straight line, f - wolf
Aim: a wolf The mass of ice explodes!
The iceblast engulfs the wolf.
The wolf is moderately wounded.
Evoking this partially-identified wand wasted a few charges.
Evoke which item? (* to show all) (? for menu, Esc to quit)
Zapping:
G - a wand of iceblast {zapped: 5} (will waste charges)
Press: ? - help, Shift-Dir - straight line, p - wolf Nothing appears to happen.
The wolf bites you.
You die...

...##.. ... #.....####
....# ... ..##.#.......
...(# #... #...$..#....
##### ##...##....#.....
...........#...#
#.....##.h.....###
####.. .......###......#
......####.....%h.......
........#.#....†@.......
........#.......Z..#.#..
.P......#.....!.##..%...
.................###....
....#.............. ....
........#.......... ..
#...#.##.......###.
#...# ....#


You could see a wolf and a friendly wolf skeleton.

Vanquished Creatures
  A spiny frog (Lair:1)
  A komodo dragon (Lair:1)
  A hungry ghost (D:7)
  A porcupine (Lair:1)
  A water moccasin (Lair:1)
  3 ice beasts (D:8)
  An orc warrior (D:5)
  A phantom (D:4)
  4 ogres
  A centaur (D:4)
  3 wolves (Lair:1)
  A big kobold (D:8)
  A wight (D:7)
  A giant frog zombie (D:7)
  2 crimson imps
  5 hounds
  A centaur skeleton (D:5)
  2 iguanas
  3 orc wizards
  A worker ant (D:7)
  Natasha (twice) (D:2)
  A worker ant zombie (D:5)
  8 adders
  A river rat (Lair:1)
  2 shadow imps
  An ooze (D:6)
  An adder zombie (D:7)
  3 adder skeletons
  2 worms
  4 dart slugs
  4 giant geckos
  9 orcs
  5 bats
  5 giant cockroaches
  6 goblins
  2 hobgoblins (D:1)
  11 jackals
  3 quokkas
  A ball python (D:1)
  A giant gecko skeleton (D:7)
  2 giant newts
  8 kobolds
  3 rats
120 creatures vanquished.

Vanquished Creatures (collateral kills)
  A two-headed ogre (D:7)
  A wolf (Lair:1)
  An ogre (D:4)
  A crocodile (Lair:1)
  A giant frog (Lair:1)
  2 wights (D:7)
  An orc wizard (D:4)
  Ijyb (D:5)
  An adder (D:6)
  A howler monkey skeleton (D:7)
  4 river rats (Lair:1)
  An orc (D:6)
16 creatures vanquished.

Grand Total: 136 creatures vanquished

Notes
Turn   | Place    | Note
--------------------------------------------------------------
     0 | D:1      | Foomius the Demonspawn Necromancer began the quest for the Orb.
     0 | D:1      | Reached XP level 1. HP: 13/13 MP: 3/3
   180 | D:1      | Reached skill level 1 in Fighting
   281 | D:1      | Gained mutation: You are partially covered in rugged brown scales (AC +1, +3% HP). [demonic ancestry]
   281 | D:1      | Reached XP level 2. HP: 12/21 MP: 1/5
   908 | D:1      | Gained mutation: You have sharp toenails. [demonic ancestry]
   908 | D:1      | Reached XP level 3. HP: 25/27 MP: 3/6
   913 | D:1      | Learned a level 3 spell: Vampiric Draining
  1279 | D:2      | Noticed Natasha
  1362 | D:2      | Killed Natasha
  1362 | D:2      | Reached skill level 5 in Necromancy
  1362 | D:2      | Reached XP level 4. HP: 26/33 MP: 2/8
  1365 | D:2      | Noticed Natasha
  1367 | D:2      | Learned a level 3 spell: Regeneration
  1368 | D:2      | Killed Natasha
  1447 | D:3      | Noticed Ijyb
  1813 | D:4      | Noticed a centaur
  1851 | D:4      | Killed a centaur
  1851 | D:4      | Reached skill level 1 in Charms
  1851 | D:4      | Reached XP level 5. HP: 24/39 MP: 0/9
  1978 | D:4      | Reached skill level 6 in Necromancy
  1982 | D:4      | Learned a level 1 spell: Animate Skeleton
  2082 | D:4      | Reached XP level 6. HP: 40/45 MP: 1/10
  2237 | D:4      | Found Ziptaer's Magic Scroll Shoppe.
  2243 | D:4      | Bought a scroll of identify for 22 gold pieces
  2247 | D:4      | Bought 2 scrolls of identify for 44 gold pieces
  2348 | D:4      | Reached skill level 7 in Necromancy
  2465 | D:5      | Entered Level 5 of the Dungeon
  2579 | D:5      | Found Lixinoysch's Distillery.
  2586 | D:5      | Bought a potion of degeneration for 12 gold pieces
  2620 | D:5      | Gained mutation: You are slightly more attuned to the shadows. [demonic ancestry]
  2620 | D:5      | Reached XP level 7. HP: 49/51 MP: 11/11
  2712 | D:5      | Upgraded the game from 0.18-a0-1718-g40ea4b6 to 0.18-a0-1721-gc4d1f22
  2846 | D:5      | Killed Ijyb
  2863 | D:5      | Reached skill level 8 in Necromancy
  3003 | D:5      | Noticed Eustachio
  3049 | D:5      | Found a blossoming altar of Fedhas.
  3430 | D:5      | Noticed Sigmund
  3594 | D:6      | Found an iron altar of Okawaru.
  3604 | D:6      | Became a worshipper of Warmaster Okawaru
  3730 | D:6      | Found Kuocih's Antique Armour Shoppe.
  3734 | D:6      | Bought a pair of runed gloves for 99 gold pieces
  4067 | D:6      | Gained mutation: You have razor-sharp toenails. [demonic ancestry]
  4067 | D:6      | Reached XP level 8. HP: 56/61 MP: 10/12
  4085 | D:6      | Reached skill level 9 in Necromancy
  4276 | D:6      | Found a deep blue altar of Sif Muna.
  4276 | D:6      | Found a shadowy altar of Dithmenos.
  4478 | D:7      | Learned a level 4 spell: Control Undead
  4487 | D:7      | Reached * piety under Okawaru
  4530 | D:7      | Reached skill level 5 in Fighting
  4540 | D:7      | Noticed a two-headed ogre
  4583 | D:7      | Found Rocuckot's Gadget Shoppe.
  4737 | D:7      | Killed a two-headed ogre
  4900 | D:7      | Found a sparkling altar of Nemelex Xobeh.
  4948 | D:7      | Found a shadowy altar of Dithmenos.
  4997 | D:7      | Found a glowing golden altar of the Shining One.
  5082 | D:7      | Found a staircase to the Ecumenical Temple.
  5088 | D:7      | Reached skill level 10 in Necromancy
  5190 | Temple   | Entered the Ecumenical Temple
  5454 | D:8      | Reached ** piety under Okawaru
  5597 | D:8      | Found a staircase to the Lair.
  5606 | D:8      | Gained mutation: You are mostly covered in rugged brown scales (AC +2, +5% HP). [demonic ancestry]
  5606 | D:8      | Reached XP level 9. HP: 41/72 MP: 0/15
  5813 | Lair:1   | Entered Level 1 of the Lair of Beasts
  5849 | Lair:1   | Noticed a komodo dragon
  5849 | Lair:1   | Noticed a spiny frog
  5859 | Lair:1   | Killed a komodo dragon
  5872 | Lair:1   | Killed a spiny frog
  5872 | Lair:1   | Reached *** piety under Okawaru
  6077 | Lair:1   | Reached skill level 5 in Spellcasting
  6281 | Lair:1   | Reached skill level 11 in Necromancy
  6320 | Lair:1   | HP: 3/72 [wolf (5)]
  6322 | Lair:1   | Slain by a wolf

Vault maps used:
D:1:      saegor_arrival_simple_a, st_stairs_14
D:2:      tgw_xom, uniq_terence, uniq_robin, uniq_natasha
D:3:      grunt_qazlal_sundering, uniq_iyjb
D:4:      serial_shops, shop_fountains, first_bread
D:5:      serial_shops, shop, hangedman_decor_peaks_small, grunt_ministairs_11,
          fedhas_altar_2, uniq_eustachio, uniq_sigmund
D:6:      okawaru_ov_weapons_minmay, gammafunk_temple_overflow_wave,
          serial_shops, shop
D:7:      kennysheep_little_box, lemuel_crystal_altar, temple_hall,
          serial_shops, nicolae_shop_waterfront, nicolae_dithmenos_the_darkroom
D:8:      lair_0_dummy, grunt_pizzeria
Temple:   circular_temple_13

Skill      XL: |  1  2  3  4  5  6  7  8  9 |
---------------+----------------------------+-----
Fighting       | 1 2 4 6 |  6.0
Spellcasting   | 3 4 5 |  5.3
Necromancy     | 5 6 7 8 10 11 | 11.0
Charms         | 1 2 |  2.0
Stealth        | 3 4 |  4.9
Dodging        | |  1.7

Action                   |  1- 3 |  4- 6 |  7- 9 || total
-------------------------+-------+-------+-------++-------
Melee: Hand axe          |    22 |       |       ||    22
       Short sword       |    14 |       |    86 ||   100
       Lajatang          |    14 |    95 |   188 ||   297
Throw: Stone             |    13 |    15 |       ||    28
       Javelin           |       |       |    18 ||    18
 Cast: Pain              |    38 |    24 |    35 ||    97
       Vampiric Draining |     2 |     6 |    39 ||    47
       Animate Skeleton  |       |     3 |    24 ||    27
       Regeneration      |       |     2 |    14 ||    16
       Control Undead    |       |       |     5 ||     5
Invok: Heroism           |       |       |     2 ||     2
Evoke: Wand              |       |       |     4 ||     4
  Use: Potion            |       |     2 |     3 ||     5
       Scroll            |       |     6 |    10 ||    16
 Stab: Sleeping          |       |     1 |     9 ||    10
  Eat: Chunk             |     2 |     5 |    14 ||    21
       Meat ration       |       |       |     2 ||     2
       Pizza             |       |       |     1 ||     1
       Beef jerky        |       |       |     1 ||     1
